 Dungeon Crawl Stone Soup version 0.31-a0-667-g39726597b9 (webtiles) character file.

Game seed: 14217424333640792999

1315 night the Ruffian (level 8, -6/54 HPs)
             Began as an Octopode Shapeshifter on Sept 3, 2023.
             Was a Follower of Vehumet.
             Mangled by an orc
             ... wielding a +0 flail
              (7 damage)
             ... on level 5 of the Dungeon.
             The game lasted 00:13:12 (5096 turns).

night the Ruffian (Octopode Shapeshifter)           Turns: 5096, Time: 00:13:12

Health: -6/54      AC:  1    Str: 14    XL:     8   Next: 58%
Magic:  8/8        EV: 14    Int: 14    God:    Vehumet [*.....]
Gold:   178        SH:  0    Dex: 11    Spells: 7/7 levels left

rFire   . .          .
                       - Unarmed
rCold   + . .        (no shield)
rNeg    . . .        (helmet currently unavailable)
rPois   .            k - amulet of magic regeneration
rElec   .            y - ring of flight
rCorr   .            (no ring)
SInv    .            (no ring)
Will    .....        (no ring)
Stlth   ++++         (no ring)
HPRegen 0.00/turn    (no ring)
MPRegen 0.51/turn    (no ring)
                     (no ring)

%: no passive effects
@: beast-form, flying, inhibited regen
A: beast (slay +3), almost no armour, amphibious, 8 rings, camouflage 1,
gelatinous body 1, (nimble swimmer 1), tentacles, cold resistance 1, inhibited
regeneration
a: Begin Untransformation, Renounce Religion


You were on level 5 of the Dungeon.
You worshipped Vehumet.
Vehumet was aware of your devotion.
You were a hulking beast.
You visited 1 branch of the dungeon, and saw 5 of its levels.

You collected 178 gold pieces.

Inventory:

Missiles
 e - 6 boomerangs
 h - 73 stones
 n - 13 poisoned darts
Jewellery
 k - an amulet of magic regeneration (around mantle)
 y - a ring of flight (left tentacle)
Talismans
 b - a beast talisman (active)
 c - a flux talisman
Wands
 r - a wand of flame (29)
 s - a wand of light (2)
 x - a wand of polymorph (22)
Scrolls
 g - a scroll of blinking
 i - a scroll of fear
 j - 3 scrolls of teleportation
 m - a scroll of fog {unknown}
 q - a scroll of enchant weapon
 t - a scroll of vulnerability
 u - a scroll of silence {unknown}
 z - a scroll of identify
Potions
 a - 2 potions of lignification
 d - a potion of heal wounds {unknown}
 f - a potion of degeneration
 l - 2 potions of mutation
 o - a potion of curing
 p - a potion of enlightenment {unknown}
 v - a potion of haste {unknown}
 w - a potion of brilliance {unknown}


   Skills:
 + Level 3.9 Fighting
 + Level 4.3 Dodging
 + Level 5.0 Stealth
 * Level 6.1 Unarmed Combat
 * Level 5.7 Shapeshifting


You had 7 spell levels left.
You didn't know any spells.
Your spell library contained the following spells:

 Spells                   Type           Power      Damage    Failure   Level
 Freeze                   Ice            0%         1d3       28%         1
 Chain Lightning          Conj/Air       0%         N/A       100%        9
 Fire Storm               Conj/Fire      0%         5d1       100%        9
 Shatter                  Erth           0%         3d5*      100%        9


Dungeon Overview and Level Annotations

Branches:
Dungeon (5/15)
 Temple: D:4-7

Altars:
Okawaru
Vehumet
Xom

Shops:
D:2 =[[==   D:5 *

Annotations:
D:4 exclusion: ogre


Innate Abilities, Weirdness & Mutations

You are a hulking beast.
Your limbs bulge with bestial killing power. (Slay +3)
You cannot wear most types of armour.
You are amphibious.
You can wear up to eight rings at the same time.
Your skin changes colour to match your surroundings (Stealth+).
Your rubbery body absorbs attacks. (AC +1, EV +1)
((You are camouflaged when in or above water. (Stealth+)))
You have tentacles for arms and can constrict up to eight enemies at once.
Your flesh is cold resistant. (rC+)
You do not regenerate when monsters are visible.


Message History

You squeeze the orc warrior, but do no damage.
The orc warrior is heavily wounded.
You constrict the orc warrior, but do no damage.
The orc warrior hits you with a +0 halberd!
The orc hits you with a +0 mace.
You barely miss the orc warrior.
The orc warrior is heavily wounded.
You constrict the orc warrior, but do no damage.
The orc warrior barely misses you.
You tentacle-slap the orc warrior but do no damage.
The orc warrior is heavily wounded.
You constrict the orc warrior. The orc warrior closely misses you.
You bludgeon the orc warrior! You squeeze the orc warrior.
The orc warrior is almost dead.
You constrict the orc warrior, but do no damage.
The orc wizard misses you. The orc warrior closely misses you.
You tentacle-slap the orc warrior.
You kill the orc warrior!
Vehumet accepts your kill.
The orc wizard casts a spell.
The orc wizard flickers and vanishes!
Your Stealth skill increases to level 5!
You completely miss something. Something barely misses you.
Things that are here:
a +0 halberd; a +0 plate armour The orc closely misses you.
The orc wizard mumbles some strange words.
The orc wizard flickers and vanishes!
The orc hits you with a +0 flail. Something hits you.
There is an open door, spattered with blood here.
You tentacle-slap something but do no damage.
The orc hits you with a +0 mace. Something hits you.
The orc closely misses you. Something hits you!
* * * LOW HITPOINT WARNING * * *
You feel better. The orc hits you with a +0 mace!
* * * LOW HITPOINT WARNING * * *
Something hits you.
* * * LOW HITPOINT WARNING * * *
The orc hits you with a +0 flail!
You die...

...........................######
........o..................'.....
...........................#.....
...........................#.....
.......o...................##....
........###+#........########....
........#...#........#...........
........#..{#o.......#...........
........#..)h{.......#...........
...######...#o.......#...........
[..#........#........#...........
...+........#........#...........
...#...##...#........#'###'####..
...#...##...#######......#.####..
...#...##....#....#......#.......
...#...##....#....#......#.......
...#.).#.....#....#......#.......


You could see 2 orcs.

Vanquished Creatures
  Eustachio (D:5)
  Duvessa (D:5)
  An orc warrior (D:5)
  2 black bears (D:5)
  Blork the orc (D:5)
  4 scorpions
  Dowan (D:5)
  A howler monkey (D:5)
  Crazy Yiuf (D:5)
  2 orc priests (D:5)
  2 sleepcaps (D:4)
  3 jellies
  2 iguanas
  4 adders
  2 shadow imps (D:5)
  An ufetubus (D:5)
  A dart slug (D:3)
  5 bats
  10 endoplasms
  8 giant cockroaches
  14 goblins
  5 hobgoblins
  3 jackals (D:3)
  5 ball pythons
  A frilled lizard (D:2)
  8 kobolds
  12 rats
101 creatures vanquished.

Notes
Turn   | Place    | Note
-------+----------+-------------------------------------------
     0 | D:1      | night the Octopode Shapeshifter began the quest for the
                  | Orb.
     0 | D:1      | Reached XP level 1. HP: 13/13 MP: 1/1
   213 | D:1      | Reached XP level 2. HP: 18/18 MP: 2/2
   558 | D:2      | Found a shimmering altar of Xom.
   673 | D:2      | Found Fiero's Jewellery Shoppe.
   675 | D:2      | Found Zalorchig's Jewellery Boutique.
   756 | D:2      | Found Yppitef's Armour Emporium.
   834 | D:2      | Reached XP level 3. HP: 20/23 MP: 3/3
   875 | D:2      | Found Qizifis's Antique Armour Shoppe.
   964 | D:2      | Found Naemn's Jewellery Boutique.
  1225 | D:3      | Reached skill level 1 in Stealth
  1447 | D:3      | Reached XP level 4. HP: 13/28 MP: 4/4
  1810 | D:3      | Identified the +4 hand axe of Debt {flame, Str+2}
  2208 | D:4      | Reached skill level 2 in Fighting
  2208 | D:4      | Reached XP level 5. HP: 16/34 MP: 5/5
  2346 | D:4      | Found an iron altar of Okawaru.
  2355 | D:4      | Reached skill level 4 in Unarmed Combat
  2377 | D:4      | Found a radiant altar of Vehumet.
  2402 | D:4      | Became a worshipper of Vehumet
  2450 | D:4      | Reached skill level 2 in Stealth
  2596 | D:4      | Reached XP level 6. HP: 35/40 MP: 6/6
  3146 | D:5      | Entered Level 5 of the Dungeon
  3169 | D:5      | Noticed Duvessa
  3170 | D:5      | Noticed Dowan
  3193 | D:5      | Killed Dowan
  3239 | D:5      | Gained mutation: You do not regenerate when monsters are
                  | visible. [potion of mutation]
  3239 | D:5      | Gained mutation: Your flesh is cold resistant. (rC+)
                  | [potion of mutation]
  3383 | D:5      | Noticed Eustachio
  3398 | D:5      | Killed Eustachio
  3399 | D:5      | Reached XP level 7. HP: 14/45 MP: 7/7
  3524 | D:5      | Reached * piety under Vehumet
  3524 | D:5      | Offered knowledge of Freeze by Vehumet.
  3525 | D:5      | Reached skill level 5 in Unarmed Combat
  3689 | D:5      | Killed Duvessa
  3690 | D:5      | Reached skill level 5 in Shapeshifting
  3785 | D:5      | Identified the +1 mace "Lohism" {vamp, Will+}
  3890 | D:5      | Reached XP level 8. HP: 32/52 MP: 8/8
  4078 | D:5      | Found a runed translucent door.
  4079 | D:5      | Noticed Crazy Yiuf
  4080 | D:5      | Identified the +6 hammer of Cerchymua {vamp, SInv}
  4089 | D:5      | Killed Crazy Yiuf
  4218 | D:5      | Identified the +6 hammer "Rujatil" {freeze, rF++ rC- Will+
                  | Stlth+}
  4412 | D:5      | Found a transporter.
  4427 | D:5      | Found a transporter.
  4431 | D:5      | Found Wauc's General Store.
  4999 | D:5      | Noticed Blork the orc
  5010 | D:5      | Killed Blork the orc
  5011 | D:5      | Reached skill level 6 in Unarmed Combat
  5092 | D:5      | Reached skill level 5 in Stealth
  5095 | D:5      | HP: 4/54 [something (14)]
  5096 | D:5      | HP: 1/54 [something (3)]
  5096 | D:5      | Mangled by an orc

Illustrated notes

Levels and vault maps discovered:
D:1:      minmay_arrival_plants_in_alcoves, layout_loops_ring, minivault_26
D:2:      layout_rooms, serial_shops, shop, shop, shop_statue, shop,
          nicolae_shop_temple_entry_statues_fountains, basic_altar,
          minmay_misc_feat_hallway
D:3:      minmay_inner_zag, layout_loops_ring
D:4:      layout_basic, minitemple, grunt_tough_drop
D:5:      gammafunk_wand_slinger, layout_gridville, serial_shops, shop,
          uniq_eustachio, uniq_duvessa, uniq_crazy_yiuf_cottage,
          uniq_blork_the_orc

Skill      XL: |  1  2  3  4  5  6  7  8 |
---------------+-------------------------+-----
Stealth        | 1 2 3 4 5 |  5.0
Fighting       | 2 3 |  3.9
Unarmed Combat | 4 5 6 |  6.1
Shapeshifting  | 4 5 |  5.7
Dodging        | 3 4 |  4.3

Action                     |  1- 3 |  4- 6 |  7- 9 || total
---------------------------+-------+-------+-------++-------
  Melee: Unarmed           |    73 |    80 |    78 ||   231
         Tentacles         |    12 |    20 |    22 ||    54
         Constrict         |    12 |    22 |    15 ||    49
         Punch             |       |     1 |     2 ||     3
  Evoke: Wand              |       |     1 |    11 ||    12
    Use: Potion            |       |     4 |     2 ||     6
         Scroll            |       |     1 |     6 ||     7
   Stab: Sleeping          |     8 |     7 |     5 ||    20
         Invisible         |       |       |     2 ||     2
         Distracted        |       |       |     1 ||     1
 Armour: Skin              |    24 |    37 |    45 ||   106
  Dodge: Dodged            |    35 |    35 |    34 ||   104

Table legend: (Time is in decaauts)
 A = Elapsed time spent in this place.
 B = Non-inter-level travel time spent in this place.
 C = Inter-level travel time spent in this place.
 D = Time resting spent in this place.
 E = Time spent auto-exploring this place.
 F = Levels seen in this place.
 G = Mean time per level.
                   A        B        C        D        E       F      G
               +--------+--------+--------+--------+--------+-----+--------+
         Total |   5076 |   5005 |     71 |    692 |   3309 |   5 | 1015.2 |
       Dungeon |   5076 |   5005 |     71 |    692 |   3309 |   5 | 1015.2 |
               +--------+--------+--------+--------+--------+-----+--------+

Top non-repeatable levels by time:
     D:5: 1940 daAuts
     D:4: 1127 daAuts
     D:3: 831 daAuts
     D:2: 620 daAuts
     D:1: 557 daAuts
